[Event "Titled Tuesday Blitz October 11 Early 2022"]
[White "Tarasova, Viktoriya"]
[Black "Shandrygin, Nikita"]
[WhiteFideId "4175840"]
[BlackFideId "24198668"]
[WhiteElo "2182"]
[BlackElo "2323"]
[Result "1-0"]
[Round "07"]
[TimeControl "180+1"]
[Date "2022.10.12"]
[WhiteClock "0:00:06"]
[BlackClock "0:00:02"]

1. d4 Nf6 2. c4 e6 3. Nc3 Bb4 4. Nf3 O-O 5. Bg5 h6 6. Bh4 b6 7. e3 Bb7 8. Bd3 g5 9. Bg3 Ne4 10. O-O Bxc3 11. bxc3 d6 12. Nd2 Nxd2 13. Qxd2 Nd7 14. f4 f5 15. Rae1 Nf6 16. fxg5 hxg5 17. d5 Qe7 18. e4 Nxe4 19. Bxe4 fxe4 20. Rxf8+ Rxf8 21. Rxe4 Qf6 22. h3 exd5 23. cxd5 Bc8 24. Kh2 Bd7 25. Re3 Rf7 26. Re2 Kh7 27. Rf2 Qg6 28. Rxf7+ Qxf7 29. Qxg5 Bf5 30. c4 Qg6 31. Qh4+ Qh6 32. Qe7+ Qg7 33. Qe3 Qg6 34. Bf4 Bd3 35. Qe7+ Qg7 36. Qh4+ Kg8 37. Bg3 Bf5 38. Qf4 Qg6 39. Bh4 Qh7 40. Qg5+ Qg6 41. Qd8+ Kh7 42. g4 Bd3 43. Bf6 Qe4 44. Qxc7+ 1-0


[Site "https://www.chess.com"]

[Event "Titled Tuesday Blitz October 11 Early 2022"]
[White "Terzi, Alexei"]
[Black "Salman, Pavel"]
[WhiteFideId "13505076"]
[BlackFideId "24153753"]
[WhiteElo "2172"]
[BlackElo "2187"]
[Result "0-1"]
[Round "07"]
[TimeControl "180+1"]
[Date "2022.10.12"]
[WhiteClock "0:00:04"]
[BlackClock "0:00:14"]

1. e4 c5 2. Nf3 e6 3. d4 cxd4 4. Nxd4 a6 5. c4 Nf6 6. Nc3 Qc7 7. a3 b6 8. Be3 Bb7 9. f3 Be7 10. Be2 d6 11. O-O Nbd7 12. Rc1 O-O 13. b4 Rac8 14. Nb3 Qb8 15. Qd2 Bd8 16. Rfd1 Bc7 17. Bf4 Ne5 18. Bxe5 dxe5 19. c5 Rfd8 20. Qe3 bxc5 21. Nxc5 Bb6 22. N3a4 Ba7 23. Kh1 Bc6 24. Qb3 Rxd1+ 25. Rxd1 Bxa4 26. Nxa4 a5 27. Ba6 Rd8 28. Rxd8+ Qxd8 29. Qd3 Bd4 30. g3 axb4 31. axb4 h5 32. Kg2 h4 33. Qc4 Kh7 34. b5 Qa5 35. Kh3 hxg3 36. hxg3 Qe1 37. Qc2 Qh1+ 38. Qh2 Qxf3 39. b6 Ng4 40. Be2 Nf2+ 41. Kh4 Qf6+ 42. Kh5 Qh6# 0-1


[Site "https://www.chess.com"]

[Event "Titled Tuesday Blitz October 11 Early 2022"]
[White "Timofeev, Artyom"]
[Black "Dardha, Daniel"]
[WhiteFideId "4140419"]
[BlackFideId "240990"]
[WhiteElo "2579"]
[BlackElo "2528"]
[Result "0-1"]
[Round "07"]
[TimeControl "180+1"]
[Date "2022.10.11"]
[WhiteClock "0:00:03"]
[BlackClock "0:00:03"]

1. e4 e5 2. Nf3 Nc6 3. Bb5 Nf6 4. O-O Nxe4 5. d4 Nd6 6. Bxc6 dxc6 7. dxe5 Nf5 8. Qxd8+ Kxd8 9. Nc3 Be7 10. g3 Ke8 11. Kg2 h5 12. h3 Be6 13. Rd1 b5 14. a3 a5 15. Bg5 Rb8 16. Bxe7 Kxe7 17. Ne2 Bd5 18. Nf4 Be4 19. h4 Rbd8 20. c3 c5 21. Nh3 f6 22. exf6+ gxf6 23. Ng1 Kf7 24. Kh3 a4 25. Re1 Bc6 26. Rad1 Nd6 27. Nd2 Rhe8 28. Rxe8 Rxe8 29. f3 Nf5 30. Rc1 Rd8 31. Ne4 Rd3 32. Nxc5 Rd2 33. b4 Ra2 34. c4 Rxa3 35. cxb5 Bxb5 36. Ne4 c6 37. g4 Nd4 38. Kg3 hxg4 39. Nd6+ Ke6 40. Nxb5 cxb5 41. Kxg4 Ra2 42. Nh3 Rg2+ 43. Kh5 Rg8 44. Kh6 Nf5+ 45. Kh7 Rg7+ 46. Kh8 Ra7 47. Nf4+ Kf7 48. Nd5 Nxh4 49. Nc7 Ng6+ 50. Kh7 a3 51. Nxb5 Ra8 52. Nd6+ Ke6 53. Ne4 Ne5 54. b5 a2 55. Nc5+ Kf7 56. Nb3 Ng6 57. Rc7+ Ne7 58. b6 Ra4 59. Rxe7+ Kxe7 60. b7 Rb4 61. Nc5 a1=Q 0-1


[Site "https://www.chess.com"]

[Event "Titled Tuesday Blitz October 11 Early 2022"]
[White "Tologon tegin, Semetei"]
[Black "Krzywda, Andrzej"]
[WhiteFideId "13800574"]
[BlackFideId "1114565"]
[WhiteElo "2282"]
[BlackElo "2149"]
[Result "1-0"]
[Round "07"]
[TimeControl "180+1"]
[Date "2022.10.12"]
[WhiteClock "0:00:14"]
[BlackClock "0:00:03"]

1. e4 c5 2. Nf3 Nc6 3. d4 cxd4 4. Nxd4 Nf6 5. Nc3 e5 6. Ndb5 d6 7. Bg5 a6 8. Na3 b5 9. Nd5 Be7 10. Bxf6 Bxf6 11. c4 O-O 12. cxb5 Nd4 13. Bd3 axb5 14. O-O Bd7 15. Nc2 Ne6 16. Qe2 Bg5 17. b3 Rb8 18. g3 Nc5 19. Nce3 b4 20. Rfd1 Ne6 21. Nc2 g6 22. Ndxb4 h5 23. h4 Bh6 24. Bc4 Kg7 25. Rxd6 Qe7 26. Rad1 Rb7 27. Nc6 Bxc6 28. Rxc6 Rd8 29. Bxe6 fxe6 30. Rxd8 Qxd8 31. Rxe6 Rd7 32. Rxe5 Rd1+ 33. Kg2 Rd2 34. Qc4 Qf6 35. Qc7+ Kf8 36. Qc5+ Kf7 37. Rd5 Rxd5 38. exd5 Qe5 39. Qc4 Ke8 40. Nb4 Kd7 41. Nd3 Qd6 42. Nc5+ Kc8 43. Ne4+ Kd7 44. Nxd6 Kxd6 45. Qc6+ 1-0


[Site "https://www.chess.com"]

[Event "Titled Tuesday Blitz October 11 Early 2022"]
[White "Trimitzios, Petros"]
[Black "Chigaev, Maksim"]
[WhiteFideId "25808796"]
[BlackFideId "4108116"]
[WhiteElo "2265"]
[BlackElo "2537"]
[Result "0-1"]
[Round "07"]
[TimeControl "180+1"]
[Date "2022.10.11"]
[WhiteClock "0:00:37"]
[BlackClock "0:00:41"]

1. b3 d5 2. Bb2 Nf6 3. g3 g6 4. Bg2 Bg7 5. Nf3 c5 6. O-O O-O 7. c4 d4 8. e3 Nc6 9. exd4 cxd4 10. Re1 Nd7 11. a3 a5 12. d3 Nc5 13. Qc2 Bf5 14. Rd1 e5 15. Nh4 Bg4 16. Nf3 e4 17. Nbd2 exf3 18. Bxf3 Bxf3 19. Nxf3 Re8 20. Rab1 Qd7 21. Bc1 Qf5 22. Kg2 Ne5 23. Ne1 Rac8 24. Bf4 h5 25. h4 Ng4 26. b4 axb4 27. axb4 Ne6 28. Bc1 b5 29. c5 Qd5+ 30. f3 Ne3+ 31. Bxe3 dxe3 32. Qe2 Nd4 33. Qb2 e2 34. Rdc1 Nxf3 35. Qb3 Nxe1+ 36. Kf2 Nxd3+ 0-1


[Site "https://www.chess.com"]

[Event "Titled Tuesday Blitz October 11 Early 2022"]
[White "Ulziikhishigjargal, Ochirkhuyag"]
[Black "Harsha Bharathakoti"]
[WhiteFideId "4903188"]
[BlackFideId "5078776"]
[WhiteElo "1920"]
[BlackElo "2523"]
[Result "1-0"]
[Round "07"]
[TimeControl "180+1"]
[Date "2022.10.11"]
[WhiteClock "0:00:11"]
[BlackClock "0:00:12"]

1. d4 f5 2. Nf3 Nf6 3. c4 g6 4. g3 Bg7 5. Bg2 O-O 6. O-O d6 7. Nc3 Qe8 8. d5 Na6 9. Nd4 Bd7 10. b3 c6 11. Bb2 Rc8 12. Rc1 Nc5 13. e3 Qf7 14. Qe2 Nce4 15. Rfd1 Nxc3 16. Bxc3 cxd5 17. cxd5 Nxd5 18. Bb2 Rxc1 19. Rxc1 Rc8 20. Rxc8+ Bxc8 21. Qb5 Nb6 22. Qa5 e5 23. Nb5 e4 24. Nxd6 Qe6 25. Nxc8 Bxb2 26. Nxb6 Qxb6 27. Qd5+ Kg7 28. Bf1 Qc7 29. Bc4 Bf6 30. h4 h5 31. a4 b6 32. Qg8+ Kh6 33. Kg2 Qg7 34. Qd5 Qe7 35. Qc6 Bg7 36. Be6 Bf6 37. b4 Kg7 38. a5 Qxb4 39. a6 Qe7 40. Bc4 Be5 41. Qa8 Kh6 42. Bd5 b5 43. Qg8 b4 44. Bf7 Bg7 45. Bb3 Qf6 46. Qc8 Qe7 47. Bc4 Bf6 48. Qc6 Kg7 49. Qa8 Qc7 50. Qg8+ Kh6 51. Qe6 Bg7 52. Bb3 Qc5 53. Bc4 Qc7 54. Bd5 Qc5 55. Qd7 Qb6 56. Bc4 Bc3 57. Qf7 Bg7 58. Bb3 Qxa6 59. Qe7 Qb6 60. Qg5+ Kh7 61. Qe7 a5 62. Qd7 Qc5 63. Qd8 Qc3 64. Bg8+ Kh8 65. Bf7+ Kh7 66. Bg8+ Kh8 67. Bf7+ Kh7 68. Qxa5 Qf6 69. Bb3 Qe7 70. Qd5 Bf6 71. Qg8+ Kh6 72. Qb8 Bg7 73. Qf4+ Kh7 74. Qb8 Qf6 75. Qxb4 Qd8 76. Qc4 Qe8 77. Qd5 Bf6 78. Bc4 Kh6 79. Bb5 Qe7 80. Bd7 Qf8 81. Be6 Bg7 82. Qd7 Qf6 83. Bd5 Kh7 84. Qe8 Qe5 85. Bg8+ Kh6 86. Qd8 Bf6 87. Qc8 Qe7 88. Be6 Kg7 89. Qc4 Be5 90. Bd5 Kh6 91. Qb5 Bd6 92. Qc6 Qf6 93. Bc4 Qe5 94. Qd7 Be7 95. Be6 Kg7 96. Qxe7+ Kh6 97. Qg5+ Kh7 98. Bf7 Qd6 99. Be8 Kg7 100. Bb5 Kh7 101. Be2 Kg7 102. Bxh5 1-0


[Site "https://www.chess.com"]

[Event "Titled Tuesday Blitz October 11 Early 2022"]
[White "Urazayev, Arystanbek"]
[Black "Araujo Sanchez, Josue"]
[WhiteFideId "13709810"]
[BlackFideId "6416896"]
[WhiteElo "2441"]
[BlackElo "2370"]
[Result "0-1"]
[Round "07"]
[TimeControl "180+1"]
[Date "2022.10.11"]
[WhiteClock "0:00:04"]
[BlackClock "0:00:04"]

1. d4 Nf6 2. c4 e6 3. Nc3 Bb4 4. e3 O-O 5. Bd3 d5 6. a3 Bxc3+ 7. bxc3 c5 8. cxd5 exd5 9. Ne2 Re8 10. O-O b6 11. Bb2 Ba6 12. Ng3 Bxd3 13. Qxd3 Nc6 14. Rae1 Na5 15. f3 Nc4 16. Bc1 Nd7 17. e4 cxd4 18. cxd4 Qf6 19. e5 Qg6 20. Qd1 f6 21. f4 fxe5 22. dxe5 Qc6 23. Nf5 Nc5 24. Nd4 Qd7 25. Kh1 Rad8 26. h3 Ne4 27. Rf3 b5 28. e6 Qe7 29. f5 Qh4 30. Kg1 a6 31. Ref1 Rf8 32. Bf4 Rde8 33. a4 bxa4 34. Qxa4 Qf6 35. Ne2 Ned2 36. Bxd2 Nxd2 37. Qxa6 Nxf1 38. Rxf1 Qe5 39. Qd3 g6 40. Nd4 Rf6 41. g4 gxf5 42. gxf5 Kh8 43. Kh1 Rg8 44. Rg1 Rxg1+ 45. Kxg1 Qe1+ 46. Kg2 Rf8 47. Ne2 Rg8+ 48. Kf3 Qf1+ 49. Ke3 Qxh3+ 50. Kd2 Qxd3+ 51. Kxd3 Kg7 52. Ke3 Kf6 53. Kf4 h5 54. Nc3 Rg4+ 55. Kf3 Kxf5 56. e7 Rg8 57. Nxd5 Re8 58. Kg3 Ke5 0-1


[Site "https://www.chess.com"]

[Event "Titled Tuesday Blitz October 11 Early 2022"]
[White "Urbina Perez, Juan Antonio"]
[Black "Skibbe, Willi"]
[WhiteFideId "2217368"]
[BlackFideId "4682190"]
[WhiteElo "2197"]
[BlackElo "2320"]
[Result "0-1"]
[Round "07"]
[TimeControl "180+1"]
[Date "2022.10.12"]
[WhiteClock "0:00:24"]
[BlackClock "0:00:10"]

1. e4 e5 2. Nf3 Nc6 3. Bc4 Bc5 4. d3 Nf6 5. a4 d6 6. a5 a6 7. c3 h6 8. O-O O-O 9. Be3 Bxe3 10. fxe3 d5 11. exd5 Nxd5 12. Qe1 b5 13. axb6 Nxb6 14. Bb3 Qxd3 15. Nbd2 Bg4 16. h3 Bxf3 17. Nxf3 Qb5 18. Qd1 a5 19. Qc2 a4 20. Ba2 Na5 21. Rad1 Nb3 22. Bb1 g6 23. Nh4 Qc6 24. Rf3 Rad8 25. Rg3 e4 26. Rd4 Rxd4 27. exd4 Re8 28. Qe2 Qc4 29. Qh5 Qd5 30. Qxh6 Re6 31. Qf4 Nc4 32. Nf5 Nbd2 33. Bc2 Kf8 34. Bxa4 gxf5 35. Qh6+ Rxh6 0-1


[Site "https://www.chess.com"]

[Event "Titled Tuesday Blitz October 11 Early 2022"]
[White "Vaibhav Jayant Raut"]
[Black "Dehtiarov, Roman"]
[WhiteFideId "5089034"]
[BlackFideId "14186640"]
[WhiteElo "2147"]
[BlackElo "2200"]
[Result "1-0"]
[Round "07"]
[TimeControl "180+1"]
[Date "2022.10.12"]
[WhiteClock "0:00:08"]
[BlackClock "0:00:04"]

1. Nf3 Nf6 2. g3 d5 3. Bg2 c5 4. O-O Nc6 5. d3 e5 6. Nbd2 Be7 7. e4 d4 8. a4 O-O 9. Nc4 Qc7 10. Nh4 Be6 11. b3 Nd7 12. Nf5 Bxf5 13. exf5 f6 14. Qh5 Nb6 15. Re1 Nb4 16. Re4 Nxc4 17. bxc4 Bd6 18. Rh4 h6 19. Bxh6 gxh6 20. Rg4+ Kh8 21. Rg6 Rf7 22. Re1 Raf8 23. Re4 Rh7 24. Reg4 Qf7 25. Qh4 h5 26. Re4 Na2 27. Re1 Nc3 28. Bf3 Be7 29. Bxh5 Rg8 30. Qg4 Qf8 31. Qf3 Bd8 32. Rxg8+ Qxg8 33. Bg6 Rc7 34. Qh5+ Kg7 35. f4 Qh8 36. Qg4 Kf8 37. fxe5 fxe5 38. f6 Bxf6 39. Rf1 Ke7 40. Qf5 Qg7 41. g4 Ne2+ 42. Kh1 Nf4 43. Bh5 Qg5 44. Qh7+ Kd6 45. Qe4 Be7 46. a5 Bf6 47. a6 b6 48. Rg1 Re7 49. Qa8 Rd7 50. Qb8+ Ke7 51. Qe8+ Kd6 52. Qa8 Be7 53. Re1 Ke6 54. Be8 Rd8 55. Qc6+ Bd6 56. Bh5 Ke7 57. Qb7+ Rd7 58. Qe4 Nxh5 59. gxh5 Qxh5 60. Rg1 Kd8 61. Rg8+ Ke7 62. Rg7+ Ke8 63. Qa8+ Rd8 64. Rg8+ Kf7 65. Qxd8 Qf3+ 66. Kg1 Qe3+ 67. Kg2 Qe2+ 68. Kh3 Qf3+ 69. Rg3 Qf1+ 70. Kg4 Be7 71. Qd5+ Ke8 72. Qc6+ Kd8 73. Qa8+ Kd7 74. Qf3 Qc1 75. Qf5+ Kd6 76. Qg6+ Kd7 77. Qf5+ Kd6 78. Rf3 Qg1+ 79. Kh5 Qg7 80. Qg6+ Qxg6+ 81. Kxg6 Bh4 82. Kf5 Be1 83. Ke4 Ke6 84. Rh3 Kf6 85. Rh6+ 1-0


[Site "https://www.chess.com"]

[Event "Titled Tuesday Blitz October 11 Early 2022"]
[White "Vargas, Mauricio"]
[Black "Rose, Felix"]
[WhiteFideId "4404572"]
[BlackFideId "5105722"]
[WhiteElo "2025"]
[BlackElo "2039"]
[Result "1-0"]
[Round "07"]
[TimeControl "180+1"]
[Date "2022.10.12"]
[WhiteClock "0:01:16"]
[BlackClock "0:00:01"]

1. e4 c5 2. Nc3 Nc6 3. f4 g6 4. Nf3 Bg7 5. Bb5 Nd4 6. Bf1 e6 7. d3 Ne7 8. g4 f5 9. g5 O-O 10. Bg2 Rb8 11. O-O b5 12. a4 b4 13. Ne2 Bb7 14. Nexd4 cxd4 15. Qe1 fxe4 16. dxe4 d5 17. e5 Nf5 18. Qf2 Qb6 19. Rd1 Rfc8 20. Nxd4 Nxd4 21. Qxd4 Rxc2 22. Qxb6 axb6 23. Rd4 Bf8 24. Kh1 Bc5 25. Rd2 b3 26. Bf1 Rc8 27. Bd3 Be3 28. Rxc2 d4+ 29. Rg2 Rxc1+ 30. Rxc1 Bxc1 31. Bf1 Bxb2 32. Kg1 Bxg2 33. Bxg2 d3 34. Kf1 Bc3 35. Be4 1-0


[Site "https://www.chess.com"]

[Event "Titled Tuesday Blitz October 11 Early 2022"]
[White "Veleshnja, Zino"]
[Black "Poltorak, Sebastian"]
[WhiteFideId "4701313"]
[BlackFideId "1199498"]
[WhiteElo "2167"]
[BlackElo "2232"]
[Result "1-0"]
[Round "07"]
[TimeControl "180+1"]
[Date "2022.10.12"]
[WhiteClock "0:00:14"]
[BlackClock "0:00:09"]

1. d4 Nf6 2. c4 e6 3. g3 Bb4+ 4. Bd2 Qe7 5. Nf3 Bxd2+ 6. Nbxd2 d6 7. Bg2 e5 8. e4 O-O 9. O-O Bg4 10. d5 a5 11. h3 Bxf3 12. Nxf3 Nxe4 13. Nh4 Nc5 14. Qc2 g6 15. Rae1 f5 16. f4 Nbd7 17. Nf3 Rae8 18. Qc3 Qg7 19. Ng5 Kh8 20. Qxa5 b6 21. Qc3 h6 22. Nf3 Ne4 23. Rxe4 fxe4 24. Nh4 Kh7 25. Bxe4 exf4 26. Bxg6+ Kh8 27. Bxe8 Rxe8 28. Ng6+ Kh7 29. Qxg7+ Kxg7 30. Nxf4 Nf8 31. Nh5+ Kg6 32. Nf4+ Kg5 33. Kg2 h5 34. h4+ Kh6 35. Ne6 Ng6 36. Rf6 Kh7 37. Rf7+ Kh6 38. Ng5 Ne5 39. Rxc7 Ng4 40. Nf7+ Kg6 41. Nxd6 Re3 42. Rc6 Kf6 43. Rxb6 Ke5 44. c5 Re2+ 45. Kf1 Rc2 46. Nb7 Ke4 47. Re6+ Kf3 48. Ke1 Ne3 49. Rxe3+ Kxe3 50. Kd1 Rd2+ 51. Kc1 Kd3 52. d6 Rf2 53. b4 Kc3 54. Kd1 Kd3 55. Ke1 Rh2 56. d7 Ke3 57. Kf1 Kf3 58. Ke1 Ke3 59. Kd1 Rd2+ 60. Kc1 Rxd7 61. c6 Rc7 62. b5 Kd4 63. a4 Kc4 64. Nd6+ Kc5 65. Ne8 Rc8 66. Nf6 Kb4 67. Nd5+ Kxa4 68. Nb6+ Kxb5 69. Nxc8 Kxc6 70. Ne7+ Kd6 71. Nf5+ Ke5 72. Ne3 Ke4 73. Nf1 Kf3 74. Kd1 Kf2 75. Kd2 Kxf1 76. Ke3 Kg2 77. Kf4 Kh3 78. Kg5 Kxg3 79. Kxh5 Kf4 80. Kg6 1-0


[Site "https://www.chess.com"]

[Event "Titled Tuesday Blitz October 11 Early 2022"]
[White "Vignesh, N R"]
[Black "Torres Boch, Jose Francisco"]
[WhiteFideId "25012215"]
[BlackFideId "2278383"]
[WhiteElo "2386"]
[BlackElo "2073"]
[Result "1-0"]
[Round "07"]
[TimeControl "180+1"]
[Date "2022.10.12"]
[WhiteClock "0:00:48"]
[BlackClock "0:00:04"]

1. e4 e5 2. Nf3 Nc6 3. Bb5 a6 4. Ba4 Nf6 5. O-O Be7 6. Re1 b5 7. Bb3 d6 8. c3 O-O 9. h3 Nb8 10. d4 Nbd7 11. Nbd2 Bb7 12. Bc2 Re8 13. a4 Bf8 14. Bd3 c6 15. b3 exd4 16. cxd4 c5 17. axb5 axb5 18. Rxa8 Qxa8 19. Bxb5 cxd4 20. Nxd4 d5 21. exd5 Rxe1+ 22. Qxe1 Bxd5 23. N2f3 Bc5 24. Bf1 Ne4 25. Be3 Ndf6 26. b4 Bb6 27. b5 h6 28. Nf5 Ba5 29. Qa1 Qd8 30. Ne7+ Kh7 31. Nxd5 Nxd5 32. Qe5 Nef6 33. Bd4 Bc7 34. Qf5+ Kg8 35. Ne5 Ne7 36. Qd3 Qb8 37. Nc6 Nxc6 38. bxc6 Nh5 39. Qf5 g6 40. Qf3 Nf4 41. Be3 h5 42. g3 Ne6 43. Bc4 Qe8 44. h4 Qe7 45. Kg2 Ng7 46. Bg5 Qe8 47. Bd5 Nf5 48. Bf4 Qd8 49. Bxc7 Qxc7 50. Qf4 Qxf4 51. gxf4 Ne7 52. c7 Kf8 53. Bb7 Kg7 54. c8=Q Nxc8 55. Bxc8 Kf6 56. Kf3 Ke7 57. Ke4 Kf8 58. Ke5 Kg7 59. Bd7 Kg8 60. Kf6 Kf8 61. Bb5 1-0


[Site "https://www.chess.com"]

[Event "Titled Tuesday Blitz October 11 Early 2022"]
[White "Vokhidov, Shamsiddin"]
[Black "Csonka, Balazs"]
[WhiteFideId "14204223"]
[BlackFideId "742910"]
[WhiteElo "2619"]
[BlackElo "2404"]
[Result "1-0"]
[Round "07"]
[TimeControl "180+1"]
[Date "2022.10.11"]
[WhiteClock "0:01:19"]
[BlackClock "0:00:02"]

1. c4 c6 2. d4 d5 3. Nf3 Nf6 4. e3 e6 5. Nbd2 c5 6. cxd5 exd5 7. dxc5 Bxc5 8. a3 O-O 9. b4 Bb6 10. Bb2 Nc6 11. Nb3 a5 12. b5 a4 13. Nbd2 Na5 14. Bd3 Bg4 15. h3 Bxf3 16. Nxf3 Nb3 17. Rb1 Ba5+ 18. Ke2 Re8 19. Bc2 Ne4 20. Bxb3 axb3 21. Qxb3 Rc8 22. Rhd1 Nc3+ 23. Bxc3 Rxc3 24. Qxd5 Qxd5 25. Rxd5 Rxa3 26. b6 Bc3 27. Rd7 Rb8 28. Rc1 h6 29. Kf1 Ba5 30. Rb1 Ra2 31. Ne5 Rc8 32. Rxb7 Rcc2 33. Nd3 Rd2 34. Ra7 Rxd3 35. b7 Rdd2 36. b8=Q+ Kh7 37. Rxf7 1-0


[Site "https://www.chess.com"]

[Event "Titled Tuesday Blitz October 11 Early 2022"]
[White "Weetik, Vjacheslav"]
[Black "Djokic, Mihailo"]
[WhiteFideId "4153472"]
[BlackFideId "976440"]
[WhiteElo "2469"]
[BlackElo "2315"]
[Result "1-0"]
[Round "07"]
[TimeControl "180+1"]
[Date "2022.10.12"]
[WhiteClock "0:00:03"]
[BlackClock "0:00:04"]

1. d4 Nf6 2. c4 e6 3. g3 Bb4+ 4. Bd2 a5 5. Nf3 d5 6. Bg2 dxc4 7. O-O O-O 8. Bg5 h6 9. Bxf6 Qxf6 10. e3 Rd8 11. Qc2 Nd7 12. Qxc4 Nb6 13. Qc2 c6 14. Nc3 Bd7 15. Ne4 Qf5 16. Ne5 Be8 17. a3 Be7 18. f4 Nd5 19. Qf2 f6 20. g4 Qh7 21. Nd3 Bg6 22. f5 exf5 23. gxf5 Bh5 24. Ng3 Bf7 25. e4 Nb6 26. Nf4 Na4 27. Kh1 Rd7 28. e5 fxe5 29. dxe5 Bc5 30. Qc2 Rd4 31. b3 Rad8 32. bxa4 Rc4 33. Qb1 Bd4 34. Ra2 Bxe5 35. Ng6 Bc7 36. Re2 Rxa4 37. Qxb7 Bd6 38. Qxc6 Bxg6 39. fxg6 Qxg6 40. Qxa4 Bxg3 41. hxg3 Qh5+ 42. Qh4 Qxe2 43. Qxd8+ 1-0


[Site "https://www.chess.com"]

[Event "Titled Tuesday Blitz October 11 Early 2022"]
[White "Winterberg, Lukas"]
[Black "Subelj, Jan"]
[WhiteFideId "24622702"]
[BlackFideId "14618583"]
[WhiteElo "2349"]
[BlackElo "2394"]
[Result "1-0"]
[Round "07"]
[TimeControl "180+1"]
[Date "2022.10.12"]
[WhiteClock "0:00:43"]
[BlackClock "0:00:40"]

1. c4 e5 2. g3 c6 3. Bg2 d5 4. cxd5 cxd5 5. Nf3 Nc6 6. O-O e4 7. Ne1 f5 8. d3 Be7 9. dxe4 dxe4 10. Qxd8+ Bxd8 11. Nc3 Nf6 12. f3 Bb6+ 13. Kh1 exf3 14. exf3 O-O 15. Nd3 Nd4 16. Bg5 Nc2 17. Rac1 Ne3 18. Rfe1 Nxg2 19. Kxg2 Bd7 20. Bxf6 Rxf6 21. Nd5 Rd6 22. Nxb6 axb6 23. Nb4 Rd2+ 24. Kh3 Rxb2 25. Rc7 Be8 26. a3 Bf7 27. Ree7 Rf8 28. Nd3 Rd2 29. Ne5 Re2 30. Rxb7 g5 31. Rxf7 Rxf7 32. Nxf7 g4+ 33. fxg4 fxg4+ 34. Kxg4 Rxh2 35. Ng5 Ra2 36. Rxb6 Rxa3 37. Rb7 Ra4+ 38. Kh5 Ra5 39. Rxh7 Ra3 40. g4 Ra6 41. Re7 Rb6 42. Ne6 Rb4 43. g5 Rb8 44. Kh6 Kh8 45. Nf4 Kg8 46. Rg7+ Kf8 47. Ng6+ Ke8 48. Rg8+ Kd7 49. Rxb8 Ke6 50. Rf8 1-0


[Site "https://www.chess.com"]

[Event "Titled Tuesday Blitz October 11 Early 2022"]
[White "Yaniuk, Volodymyr"]
[Black "Wirig, Anthony"]
[WhiteFideId "14133083"]
[BlackFideId "615013"]
[WhiteElo "2141"]
[BlackElo "2474"]
[Result "0-1"]
[Round "07"]
[TimeControl "180+1"]
[Date "2022.10.12"]
[WhiteClock "0:00:08"]
[BlackClock "0:00:08"]

1. d4 Nf6 2. c4 e6 3. g3 d5 4. Bg2 dxc4 5. Nf3 Bd7 6. Ne5 Bc6 7. Nxc6 Nxc6 8. O-O Qd7 9. e3 h5 10. Nd2 h4 11. Nxc4 hxg3 12. hxg3 Nd5 13. b4 Bxb4 14. Qb3 Nb6 15. a3 Be7 16. Bd2 O-O 17. a4 Rab8 18. a5 Nd5 19. Rfd1 Rfd8 20. Qb2 b5 21. axb6 cxb6 22. e4 Nf6 23. Bf4 Rbc8 24. d5 exd5 25. exd5 Na5 26. Nxa5 bxa5 27. d6 Bf8 28. Rxa5 Rb8 29. Qa2 Qg4 30. Re1 Bxd6 31. Bxd6 Rxd6 32. Rxa7 Rf8 33. Qe2 Qd4 34. Re7 Rd7 35. Rxd7 Qxd7 36. Qe3 g6 37. Qc3 Qd6 38. Bf3 Rb8 39. Rd1 Qb6 40. Kg2 Qb2 41. Qd3 Kg7 42. Rd2 Qb4 43. Qd4 Qxd4 44. Rxd4 Rb2 45. Rd3 g5 46. Re3 Kg6 47. Be4+ Kg7 48. Bf5 Rb4 49. f3 Rb2+ 50. Kf1 Nh5 51. g4 Ng3+ 52. Ke1 Nxf5 53. gxf5 Kf6 54. Re4 Kxf5 55. Kf1 f6 56. Rc4 Ra2 57. Rd4 Kg6 58. Rc4 Kh5 59. Kg1 f5 60. Rd4 f4 61. Rd3 Kh4 62. Kf1 Kg3 63. Rc3 Ra1+ 64. Ke2 Ra2+ 65. Kf1 Rf2+ 66. Kg1 Rxf3 67. Rc5 g4 68. Rc8 Rd3 69. Rc1 f3 70. Rf1 Rd2 71. Kh1 Rh2+ 72. Kg1 f2+ 73. Rxf2 Rxf2 0-1


[Site "https://www.chess.com"]

[Event "Titled Tuesday Blitz October 11 Early 2022"]
[White "Yeletsky, Ivan"]
[Black "Tristan, Leonardo"]
[WhiteFideId "24180327"]
[BlackFideId "113816"]
[WhiteElo "2391"]
[BlackElo "2446"]
[Result "1-0"]
[Round "07"]
[TimeControl "180+1"]
[Date "2022.10.11"]
[WhiteClock "0:01:47"]
[BlackClock "0:00:29"]

1. d4 d5 2. c4 e6 3. Nf3 Nf6 4. e3 Bb4+ 5. Bd2 Be7 6. Nc3 O-O 7. Qc2 b6 8. h4 Bb7 9. Ng5 h6 10. cxd5 exd5 11. Bd3 c5 12. O-O-O Nc6 13. dxc5 Nb4 14. Bh7+ Kh8 15. Qb1 bxc5 16. Ne2 Ba6 17. Nf4 Qb6 18. Bxb4 cxb4 19. Rxd5 Rac8+ 20. Kd2 Nxd5 21. Nxf7+ Rxf7 22. Ng6+ Kxh7 23. Nf8+ Kg8 24. Qh7+ Kxf8 25. Qh8# 1-0


[Site "https://www.chess.com"]

[Event "Titled Tuesday Blitz October 11 Early 2022"]
[White "Yuan, Qingyu"]
[Black "Rosen, Eric"]
[WhiteFideId "8609772"]
[BlackFideId "2032562"]
[WhiteElo "2359"]
[BlackElo "2362"]
[Result "0-1"]
[Round "07"]
[TimeControl "180+1"]
[Date "2022.10.12"]
[WhiteClock "0:00:09"]
[BlackClock "0:00:04"]

1. d4 d5 2. Bf4 Nf6 3. Nf3 c5 4. c3 Nc6 5. dxc5 a5 6. Na3 Nh5 7. Be3 e5 8. g3 Be7 9. Bg2 Be6 10. O-O O-O 11. Qa4 h6 12. Rfd1 Nf6 13. Nc4 Qc7 14. Nb6 Ra6 15. h3 Rd8 16. Rac1 Bf8 17. a3 g6 18. b3 Ne4 19. Qb5 Nxc5 20. Nxd5 Rxd5 21. Rxd5 Bxd5 22. Bxc5 Bxc5 23. Qxc5 Bxb3 24. c4 a4 25. Rc3 Ra8 26. Rd3 e4 27. Rd2 exf3 28. Bxf3 Rd8 29. Rd5 Re8 30. Rd6 Qe7 31. Bd5 Ne5 32. f4 Nd7 33. Qc7 Qe3+ 34. Kh1 Qxg3 35. Qxd7 Qe1+ 36. Kh2 Qf2+ 37. Bg2 Qxf4+ 38. Kh1 Rxe2 39. Qc8+ Kg7 40. Rd8 Re1+ 41. Bf1 Rxf1+ 42. Kg2 Qf2# 0-1


[Site "https://www.chess.com"]

[Event "Titled Tuesday Blitz October 11 Early 2022"]
[White "Zaksaite, Salomeja"]
[Black "Winkels, Marcel"]
[WhiteFideId "12801496"]
[BlackFideId "1003887"]
[WhiteElo "2094"]
[BlackElo "1900"]
[Result "0-1"]
[Round "07"]
[TimeControl "180+1"]
[Date "2022.10.12"]
[WhiteClock "0:00:01"]
[BlackClock "0:01:53"]

1. e4 c5 2. Nf3 d6 3. d4 cxd4 4. Nxd4 Nf6 5. Nc3 a6 6. Bc4 e6 7. Bb3 b5 8. O-O Be7 9. Qf3 Bb7 10. Bxe6 b4 11. Nd5 O-O 12. Bh3 Nxd5 13. exd5 Bf6 14. Be3 Nd7 15. Bxd7 Qxd7 16. Rad1 Rac8 17. Qe4 Rfe8 18. Qd3 Re5 19. c4 bxc3 20. bxc3 Bxd5 21. Nf3 Bc4 0-1


[Site "https://www.chess.com"]

[Event "Titled Tuesday Blitz October 11 Early 2022"]
[White "Zemlyanskii, Ivan"]
[Black "Terry, Renato"]
[WhiteFideId "24249971"]
[BlackFideId "3803457"]
[WhiteElo "2107"]
[BlackElo "2577"]
[Result "0-1"]
[Round "07"]
[TimeControl "180+1"]
[Date "2022.10.11"]
[WhiteClock "0:00:02"]
[BlackClock "0:00:03"]

1. d4 e6 2. c4 Bb4+ 3. Nc3 c5 4. e3 Nf6 5. Ne2 cxd4 6. exd4 d5 7. a3 Be7 8. cxd5 exd5 9. Nf4 Nc6 10. Be2 O-O 11. Be3 Re8 12. O-O Bd6 13. Bf3 Be6 14. Nxe6 fxe6 15. g3 Na5 16. Re1 Rc8 17. Rc1 Nc4 18. Rc2 Nxb2 19. Rxb2 Rxc3 20. Rxb7 Rxa3 21. Bg5 Qc8 22. Rb2 Qc3 23. Bxf6 Qxb2 24. Bxd5 gxf6 25. Qg4+ Kh8 26. Rxe6 Qb8 27. Rxf6 Rf8 28. Rh6 Qc7 29. Qe6 Ra6 30. Be4 Rf7 31. Qe8+ Bf8 32. Rxh7+ Kg8 33. Bd5 Kxh7 34. Bxf7 Qe7 35. Bd5 Qxe8 0-1


[Site "https://www.chess.com"]

[Event "Titled Tuesday Blitz October 11 Early 2022"]
[White "Ziatdinov, Raset"]
[Black "Antonio, Jorge Carlos"]
[WhiteFideId "2015323"]
[BlackFideId "113190"]
[WhiteElo "2220"]
[BlackElo "2247"]
[Result "1-0"]
[Round "07"]
[TimeControl "180+1"]
[Date "2022.10.12"]
[WhiteClock "0:00:36"]
[BlackClock "0:00:39"]

1. Nc3 d5 2. d4 c6 3. Bf4 Nf6 4. e3 Bf5 5. f3 e6 6. g4 Bg6 7. h4 h6 8. h5 Bh7 9. Bd3 Bxd3 10. Qxd3 Bd6 11. Nge2 Bxf4 12. Nxf4 Nbd7 13. O-O-O e5 14. dxe5 Nxe5 15. Qf5 Nxf3 16. Nfxd5 Nxd5 17. Nxd5 cxd5 18. Qxf3 O-O 19. Rxd5 Qe7 20. g5 hxg5 21. h6 Qf6 22. Rf5 Qg6 23. hxg7 Kxg7 24. Rg1 f6 25. Qxb7+ Kg8 26. Qd5+ Kg7 27. e4 Rae8 28. b3 Re7 29. Qd4 Rfe8 30. Rgxg5 Rxe4 31. Qxf6+ 1-0


[Site "https://www.chess.com"]